 Dungeon Crawl Stone Soup version 0.30-a0-782-ge64f9170bb (webtiles) character file.

Game seed: 5241748522410706177

144 KleinerIrrer the Trooper (level 5, 0/63 HPs)
             Began as a Demonspawn Chaos Knight on Feb 19, 2023.
             Was a Plaything of Xom.
             Slain by a black bear (3 damage)
             ... on level 4 of the Dungeon.
             The game lasted 00:04:35 (2588 turns).

KleinerIrrer the Trooper (Demonspawn Chaos Knight)  Turns: 2588, Time: 00:04:36

Health: 0/63       AC: 22    Str: 15    XL:     5   Next: 5%
Magic:  5/5        EV:  2    Int: 11    God:    Xom [....*.]
Gold:   88         SH:  0    Dex: 18    Spells: 4/4 levels left

rFire   + . .      SeeInvis .    a - +0 falchion (chaos)
rCold   + . .      Faith    .    (no shield)
rNeg    . . .      Spirit   .    (body armour currently unavailable)
rPois   +          Reflect  .    (helmet currently unavailable)
rElec   +          Harm     .    (cloak currently unavailable)
rCorr   +          Rampage  .    (gloves currently unavailable)
Will    +....      NoTele   +    (boots currently unavailable)
Stlth   ++                       (no amulet)
HPRegen 0.30/turn                (no ring)
MPRegen 0.18/turn                (no ring)

@: mighty, brilliant, tree-form, resistant, on berserk cooldown, slowed,
invisible, very slow
A: stationary, stasis, torment immunity, boosted hp, magic regeneration,
(weakness stinger 1), (beak), agile 1, strong-willed 1, strong 1
a: Renounce Religion


You were on level 4 of the Dungeon.
You worshipped Xom.
You were a beloved toy of Xom.
You were a tree.
You visited 1 branch of the dungeon, and saw 4 of its levels.

You collected 88 gold pieces.

Inventory:

Hand Weapons
 a - a +0 falchion of chaos (weapon)
Missiles
 n - 4 javelins
Armour
 b - a +2 leather armour (melded)
Jewellery
 r - a ring of poison resistance
Scrolls
 g - a scroll of brand weapon {unknown}
 i - a scroll of enchant armour {unknown}
 j - 2 scrolls of noise {unknown}
 k - 2 scrolls of teleportation {unknown}
 l - 4 scrolls of identify {unknown}
 q - a scroll of magic mapping {unknown}
Potions
 d - a potion of might
 h - a potion of berserk rage
 o - a potion of curing
Miscellaneous
 c - a piece from Xom's chessboard (14/15) (quivered)


   Skills:
 + Level 3.8 Fighting
 + Level 3.5 Long Blades
 + Level 2.8 Armour
 + Level 2.2 Dodging


You had 4 spell levels left.
You didn't know any spells.
Your spell library contained the following spells:

 Spells                   Type           Power      Damage    Failure   Level
 Apportation              Tloc           0%         N/A       34%         1
 Necrotise                Necr           0%         1d4       34%         1
 Summon Small Mammal      Summ           0%         N/A       34%         1
 Cause Fear               Hex            0%         N/A       98%         4
 Blade Hands              Tmut           0%         N/A       100%        5
 Irradiate                Conj/Tmut      0%         3d11      100%        5
 Iskenderun's Battlesphe  Conj           0%         2d6       100%        5
 Iron Shot                Conj/Erth      0%         9d1       100%        6
 Dragon Form              Tmut           0%         N/A       100%        7
 Spellforged Servitor     Conj/Summ      0%         N/A       100%        7
 Dragon's Call            Summ           0%         N/A       100%        9


Dungeon Overview and Level Annotations

Branches:
Dungeon (4/15)
 Temple: D:4-7

Altars:


Innate Abilities, Weirdness & Mutations

You are a tree.
Your roots penetrate the ground, keeping you stationary.
You cannot be teleported.
You are immune to unholy pain and torment.
Your maximum health is greatly increased.
Your equipment is partially melded.
You regenerate magic rapidly.
((You have a small tail.))
((You have a beak for a mouth.))
You are agile. (Dex +4, Str/Int -1)
You are strong-willed. (Will+)
Your muscles are strong. (Str +4, Int/Dex -1)


Message History

You feel protected. The black bear bites you.
* * * LOW HITPOINT WARNING * * *
The black bear claws you.
* * * LOW HITPOINT WARNING * * *
The black bear misses you.
It was a potion of invisibility.
You fade into invisibility!
The black bear misses you. The black bear claws you.
* * * LOW HITPOINT WARNING * * *
The black bear claws you but does no damage.
The black bear completely misses you. The black bear closely misses you. x2
It was a potion of lignification.
You turn into a tree.
Your +2 leather armour melds into your body.
Your roots penetrate the ground.
The black bear bites you but does no damage.
The black bear claws you but does no damage.
The black bear claws you.
* * * LOW HITPOINT WARNING * * *
It was a potion of brilliance.
You feel clever all of a sudden.
Xom roars with laughter!
The black bear completely misses you.
The black bear claws you but does no damage. x2
The black bear bites you but does no damage.
The black bear claws you but does no damage. x2
You cannot move.
You barely miss the black bear.
The black bear bites you but does no damage.
The black bear claws you but does no damage. x2
The black bear bites you.
* * * LOW HITPOINT WARNING * * *
The black bear claws you but does no damage. x2
Okay, then.
Okay, then.
You make a move on Xom's chessboard...
The black bear resists with some effort.
The black bear bites you.
You die...
Xom giggles madly!

#....)..######
....##.)h)...#
.. #######.#
#.# ##.## g
#...####
#......#
#...##h#
######♣# #.#
..# #.## #. #.
#. #. #)


You could see a black bear (unable to see you).

Vanquished Creatures
  4 gnolls (D:4)
  4 adders
  3 dart slugs
  An orc (D:3)
  6 ball pythons
  7 endoplasms
  A giant cockroach (D:1)
  7 goblins
  6 hobgoblins
  2 quokkas
  5 bats
  2 frilled lizards (D:2)
  9 kobolds
  5 rats
62 creatures vanquished.

Notes
Turn   | Place    | Note
-------+----------+-------------------------------------------
     0 | D:1      | KleinerIrrer the Demonspawn Chaos Knight began the quest
                  | for the Orb.
     0 | D:1      | Reached XP level 1. HP: 18/18 MP: 1/1
    19 | D:1      | XOM: potion effect (berserk rage)
    23 | D:1      | Reached skill level 1 in Dodging
   138 | D:1      | Discovered your monstrous ancestry.
   138 | D:1      | Gained mutation: You have a small tail. [demonic ancestry]
   138 | D:1      | Reached XP level 2. HP: 24/24 MP: 2/2
   760 | D:1      | Reached XP level 3. HP: 29/29 MP: 3/3
  1001 | D:2      | XOM: 1-stop teleportation journey
  1733 | D:2      | XOM: cloud trail
  1885 | D:3      | Gained mutation: You regenerate magic rapidly. [demonic
                  | ancestry]
  1885 | D:3      | Reached XP level 4. HP: 17/35 MP: 4/4
  2324 | D:3      | XOM: give mutations
  2324 | D:3      | Gained mutation: You are strong-willed. (Will+) [Xom's
                  | grace]
  2324 | D:3      | Gained mutation: You are agile. (Dex +4, Str/Int -1) [Xom's
                  | grace]
  2324 | D:3      | Gained mutation: Your muscles are strong. (Str +4, Int/Dex
                  | -1) [Xom's grace]
  2324 | D:3      | Gained mutation: You have a beak for a mouth. [Xom's grace]
  2534 | D:4      | Noticed a black bear
  2534 | D:4      | XOM: 2-stop teleportation journey
  2562 | D:4      | Reached XP level 5. HP: 7/42 MP: 5/5
  2563 | D:4      | Paralysed by a kobold for 4 turns
  2565 | D:4      | HP: 2/42 [kobold/+0 club (3)]
  2574 | D:4      | XOM: divination: detect creatures
  2587 | D:4      | HP: 3/63 [black bear (3)]
  2588 | D:4      | Slain by a black bear

Illustrated notes

Levels and vault maps discovered:
D:1:      evilmike_arrival_hilbert_curve, layout_basic, grunt_decor_resistance,
          minmay_close_crescents
D:2:      layout_loops_corners
D:3:      layout_rooms, minmay_misc_feat_columns
D:4:      layout_loops_cross, uniq_robin

Skill      XL: |  1  2  3  4 |
---------------+-------------+-----
Dodging        | 1 2 |  2.2
Armour         | 2 |  2.8
Long Blades    | 3 |  3.5
Fighting       | |  3.8

Action                     |  1- 3 |  4- 6 || total
---------------------------+-------+-------++-------
  Melee: Falchion          |   116 |    52 ||   168
         Tailslap          |    10 |    10 ||    20
         Punch             |     1 |     1 ||     2
         Peck              |       |     2 ||     2
  Evoke: Piece from Xom's  |     2 |     2 ||     4
    Use: Potion            |       |     7 ||     7
   Stab: Sleeping          |     1 |     1 ||     2
         Paralysed         |     1 |       ||     1
 Armour: Leather armour    |    51 |    20 ||    71
         Skin              |       |    12 ||    12
  Dodge: Dodged            |    78 |    35 ||   113

Table legend: (Time is in decaauts)
 A = Elapsed time spent in this place.
 B = Non-inter-level travel time spent in this place.
 C = Inter-level travel time spent in this place.
 D = Time resting spent in this place.
 E = Time spent auto-exploring this place.
 F = Levels seen in this place.
 G = Mean time per level.
                   A        B        C        D        E       F      G
               +--------+--------+--------+--------+--------+-----+--------+
         Total |   2630 |   2481 |    149 |      0 |   2033 |   4 |  657.5 |
       Dungeon |   2630 |   2481 |    149 |      0 |   2033 |   4 |  657.5 |
               +--------+--------+--------+--------+--------+-----+--------+

Top non-repeatable levels by time:
     D:1: 973 daAuts
     D:2: 969 daAuts
     D:3: 601 daAuts
     D:4: 84 daAuts
